 Dungeon Crawl Stone Soup version 0.22-a0-392-g5dc3fd9 (webtiles) character file.

91038 4thArraOfDagon the Grappler (level 15, -1/137 HPs)
             Began as a Troll Fire Elementalist on May 2, 2018.
             Was the Champion of Vehumet.
             Killed from afar by a deep elf death mage (48 damage)
             ... with a bolt of negative energy
             ... on level 1 of the Elven Halls.
             The game lasted 01:17:53 (19627 turns).

4thArraOfDagon the Grappler (TrFE)                 Turns: 19627, Time: 01:17:54

Health: -1/137     AC:  9    Str: 20    XL:     15   Next: 53%
Magic:  9/25       EV: 11    Int: 20    God:    Vehumet [******]
Gold:   769        SH:  0    Dex: 15    Spells: 3/29 levels left

rFire    + . .     SeeInvis .     - Unarmed
rCold    x . .     Gourm    +   (no shield)
rNeg     . . .     Faith    .   x - +1 robe of Responsibility {Int+4 Dex+3}
rPois    +         Spirit   .   (helmet restricted)
rElec    .         Reflect  .   B - +2 cloak
rCorr    .         Harm     .   (gloves unavailable)
MR       +....     Rnd*Rage +   (boots unavailable)
Stlth    +.........             d - amulet of regeneration
HPRegen  1.12/turn              k - ring of poison resistance
MPRegen  0.19/turn              L - ring of fire

@: lethally poisoned (-1 -> -2), studying Armour, drained
A: large, unfitting armour, claws 3, hooves 1, agile 1, berserk 1, fast
metabolism 3, gourmand, regeneration 1, shaggy fur 1, tough skin 2, wild magic 1
a: Renounce Religion


You were on level 1 of the Elven Halls.
You worshipped Vehumet.
Vehumet was exalted by your worship.
You were very full.

You visited 5 branches of the dungeon, and saw 25 of its levels.
You also visited: Labyrinth and Bailey.

You collected 2283 gold pieces.
You spent 1514 gold pieces at shops.

Inventory:

Hand Weapons
 H - the +1 bardiche of Sosm {freeze, Dex+4}
   (You found it in a bailey)

   It has been specially enchanted to freeze those struck by it, causing extra
   injury to most foes and up to half again as much damage against particularly
   susceptible opponents.
   It can also slow down cold-blooded creatures.
   It affects your dexterity (+4).
Missiles
 j - 16 large rocks (quivered)
Armour
 x - the +1 robe of Responsibility (worn) {Int+4 Dex+3}
   (You bought it in a shop on level 8 of the Dungeon)

   It affects your intelligence (+4).
   It affects your dexterity (+3).
 B - a +2 cloak (worn)
Magical Staves
 n - an uncursed staff of energy {!a}
 p - an uncursed staff of fire
 S - an uncursed staff of wizardry {!a}
Jewellery
 d - an amulet of regeneration (around neck)
 g - an uncursed ring of protection from fire
 k - a ring of poison resistance (left claw)
 v - an uncursed ring of protection from cold
 z - an uncursed ring of flight
 G - an uncursed ring of resist corrosion
 L - a ring of fire (right claw)
Wands
 i - a wand of paralysis (27)
 t - a wand of flame (26)
 y - a wand of enslavement (16)
 D - a wand of disintegration (4)
 E - a wand of acid (15)
 M - a wand of scattershot (2)
Scrolls
 a - a scroll of vulnerability {unknown}
 e - 9 scrolls of enchant armour
 h - 5 scrolls of teleportation
 m - 4 scrolls of noise
 q - 7 scrolls of remove curse
 s - 2 scrolls of amnesia
 I - a scroll of acquirement
 K - 2 scrolls of immolation
 N - 2 scrolls of fog
 O - a scroll of holy word
 V - 2 scrolls of silence {unknown}
Potions
 b - 2 potions of lignification
 f - 4 potions of magic
 l - 4 potions of haste
 o - 6 potions of curing
 r - 4 potions of flight
 w - a potion of heal wounds
 A - 6 potions of brilliance
 C - 2 potions of agility
 F - 2 potions of might
 P - 3 potions of cancellation
 Q - 2 potions of mutation
Books
 J - a manual of Armour
Comestibles
 c - 40 rations
 u - 3 chunks of flesh


   Skills:
 - Level 6.4(5.6) Fighting
 - Level 4.0(3.2) Dodging
 - Level 1.0(0.3) Stealth
 - Level 13.3(12.4) Unarmed Combat
 + Level 7.7(6.8) Spellcasting
 * Level 11.1(10.2) Conjurations
 * Level 11.3(10.4) Fire Magic


You had 3 spell levels left.
You knew the following spells:

 Your Spells              Type           Power        Failure   Level  Hunger
a - Apportation           Tloc           #.....       14%         1    None
b - Conjure Flame         Conj/Fire      #######.     1%          3    #......
c - Sticky Flame          Conj/Fire      #######.     1%          4    ###....
d - Fireball              Conj/Fire      #######...   1%          5    #####..
e - Orb of Destruction    Conj           ######....   36%         7    #######
f - Bolt of Fire          Conj/Fire      #######...   9%          6    ######.


Dungeon Overview and Level Annotations

Branches:
Dungeon (15/15)            Temple (1/1) D:5            Lair (6/6) D:10
 Shoals (0/4) Lair:3       Spider (0/4) Lair:4        Slime (0/5) Lair:5
    Orc (2/2) D:11            Elf (1/3) Orc:2        Vaults (0/5) D:14
 Depths: D:15

Altars:
Ashenzari
Cheibriados
Dithmenos
Elyvilon
Fedhas
Gozag
Hepliaklqana
Makhleb
Nemelex Xobeh
Okawaru
Qazlal
Ru
Sif Muna
Trog
Uskayaw
Vehumet
Wu Jian
Xom
Yredelemnul
Zin
The Shining One
Beogh
Jiyva

Shops:
D:8 [   Orc:1 (*!(*   Orc:2 [:![?

Portals:
Pandemonium: Orc:2


Innate Abilities, Weirdness & Mutations

You are too large for most types of armour.
You have claws for hands.
Your metabolism is lightning-fast.
You like to eat raw meat.
Your natural rate of healing is unusually fast.
You are covered in fur. (AC +1)
You have very tough skin. (AC +2)
You have large cloven feet.
You are agile. (Dex +2)
You tend to lose your temper in combat.
Your spells are a little harder to cast, but a little more powerful.


Message History

Unknown command.
You barely miss the ghostly Louise.
You kick the ghostly Louise, but do no damage.
Your claw misses the ghostly Louise.
The ghostly Louise is almost destroyed.
The ghostly Louise is engulfed in blazing flames.
The ghostly Louise hits you with a demon trident of venom!
Unknown command.
Unknown command.
Unknown command.
You claw the ghostly Louise! Your kick misses the ghostly Louise.
The ghostly Louise is almost destroyed.
You feel sick.
The ghostly Louise burns!
The ghostly Louise is engulfed in blazing flames.
You destroy the ghostly Louise!
Vehumet accepts your kill.
You feel your power returning.
The deep elf death mage casts a spell at you.
The bolt of negative energy hits you!
You feel drained.
You die...

,,,+,,+,,,,,,,,**,,,,,#.........+
,,,,***,,,,,,,,,**,,,##.........*
,,,,***,,,,,,,,,****'##.........*
,,*,,**,,,,,,,,,* ##'##e........*
)*,*,,***,,,,,+**##...##.......**
#.∩,*,* ***,***,##.....##.....#*
,#@#,.### *** *#+.......###****
,,#..#'.### #.........## ****
,,,,#....÷######@........#****,,,
,,**#....['.**e§.........+,,,+,,,
,** #....%#######..*....##*****,*
,* *#+#.### *#+.....## *,*
+***,*### **,##...#'## *** ,,,+**
**,**##+###.##### ,,,,* ****,**
*,* ##'...### ,,,,* ***,*+** *,*
#.......# ,,,,*****,,,,,* *,*
#.......##


You could see a deep elf death mage, a deep elf mage and 3 lost souls.

Vanquished Creatures
  Louise (Elf:1)
  2 orc warlords
  A minotaur (Lab)
  Snorg (Lair:6)
  4 hydras
  An ice dragon (D:15)
  3 catoblepae
  A centaur warrior (D:12)
  A deep troll shaman (Lair:6)
  6 two-headed ogres
  4 death yaks (Lair:6)
  A tengu warrior (D:15)
  A satyr (shapeshifter) (D:14)
  6 orc high priests (Orc:2)
  A deep elf knight (Elf:1)
  A sixfirhy (Orc:2)
  An unseen horror (shapeshifter) (D:13)
  A torturous demonspawn (Orc:2)
  An unseen horror (D:15)
  A gelid demonspawn (Orc:2)
  The ghost of VDreamerV the Insei, a novice OpTm of Cheibriados (D:8)
  2 infernal demonspawn (Orc:2)
  A lindwurm (Lair:6)
  9 orc knights
  2 wolf spiders (Lair:5)
  A deep elf archer (Elf:1)
  14 ugly things
  4 oklob plants
  3 manticores
  8 orc sorcerers
  4 cyclopes
  5 deep elf magi (Elf:1)
  Maurice (D:8)
  5 black mambas
  6 elephants
  A torpor snail (Lair:6)
  2 gargoyles
  8 spiny frogs
  An orange demon (Orc:2)
  3 rime drakes
  10 komodo dragons
  2 ice devils (Orc:2)
  5 tengu conjurers
  6 trolls
  A hornet (Lair:5)
  12 blink frogs
  A harpy skeleton (D:15)
  7 hippogriffs
  7 dream sheep (Lair:4)
  3 shadows
  3 redbacks (Lair:4)
  A ynoxinul (Orc:2)
  A spriggan (shapeshifter) (D:14)
  A centaur simulacrum (D:15)
  A vampire (D:10)
  A wraith (D:11)
  Sigmund (D:5)
  A basilisk (Lair:1)
  4 wyverns
  17 yaks
  A steam dragon (Lair:3)
  2 vampire mosquitoes (D:15)
  2 wargs
  A soldier ant (D:11)
  An acid dragon (D:14)
  9 water moccasins
  5 porcupines
  6 ice beasts
  3 black bears
  52 orc warriors
  2 necrophages
  2 phantoms
  4 sky beasts
  15 ogres
  27 wolves
  5 centaurs
  Blork the orc (D:5)
  A big kobold (D:9)
  13 crocodiles
  12 bullfrogs
  An earth elemental (Elf:1)
  2 scorpions
  4 killer bees (D:12)
  21 wights
  3 howler monkeys
  An electric eel (Lair:4)
  5 crimson imps
  2 centaur zombies
  9 jellies
  6 hounds
  2 quasits
  A bullfrog zombie (D:8)
  33 orc priests
  24 orc wizards
  6 iguanas
  7 worker ants
  A hound skeleton (D:10)
  A howler monkey zombie (D:5)
  3 gnolls (D:2)
  20 adders
  3 shadow imps
  6 oozes
  An adder zombie (D:9)
  2 adder skeletons
  A worm (D:2)
  4 dart slugs
  6 leopard geckos
  93 orcs
  3 giant cockroaches
  14 goblins
  9 hobgoblins
  4 jackals (D:1)
  3 quokkas
  4 ball pythons
  2 bats (D:1)
  3 frilled lizards
  14 kobolds
  A quokka zombie (D:8)
  4 rats
  A fungus (Lair:3)
  A plant (Lair:1)
700 creatures vanquished.

Vanquished Creatures (collateral kills)
  A blink frog (shapeshifter) (D:14)
1 creature vanquished.

Vanquished Creatures (others)
  8 fungi
  9 plants
17 creatures vanquished.

Grand Total: 718 creatures vanquished

Notes
Turn   | Place    | Note
-------+----------+-------------------------------------------
     0 | D:1      | 4thArraOfDagon the Troll Fire Elementalist began the quest for the Orb.
     0 | D:1      | Reached XP level 1. HP: 16/16 MP: 1/1
   106 | D:1      | You fall through a shaft!
   113 | D:2      | Reached skill level 1 in Unarmed Combat
   113 | D:2      | Reached XP level 2. HP: 20/26 MP: 0/2
   164 | D:3      | Reached skill level 1 in Fighting
   164 | D:3      | Reached skill level 2 in Unarmed Combat
   187 | D:3      | Reached XP level 3. HP: 30/33 MP: 1/3
   192 | D:3      | Learned a level 3 spell: Conjure Flame
   199 | D:3      | Found an opulent altar of Gozag.
   335 | D:3      | Reached XP level 4. HP: 38/41 MP: 4/4
   348 | D:3      | Found a glowing golden altar of the Shining One.
   351 | D:3      | Found a basalt altar of Yredelemnul.
   357 | D:3      | Noticed an angel
   480 | D:3      | Reached skill level 3 in Unarmed Combat
   736 | D:4      | Noticed an orc warrior
   863 | D:5      | Entered Level 5 of the Dungeon
   867 | D:5      | Noticed an ogre
   868 | D:5      | Noticed a necrophage
   876 | D:5      | Killed a necrophage
   876 | D:5      | Reached skill level 4 in Unarmed Combat
   876 | D:5      | Reached XP level 5. HP: 37/46 MP: 6/6
   951 | D:6      | Noticed an ice beast
   959 | D:5      | Reached XP level 6. HP: 49/56 MP: 6/8
   970 | D:5      | Learned a level 4 spell: Sticky Flame
   984 | D:5      | Found a bloodstained altar of Trog.
  1032 | D:6      | Noticed a water moccasin
  1053 | D:5      | Killed a water moccasin
  1053 | D:5      | Reached skill level 5 in Unarmed Combat
  1355 | D:7      | Reached XP level 7. HP: 63/63 MP: 9/9
  1838 | D:6      | Reached skill level 6 in Unarmed Combat
  1983 | D:5      | Reached XP level 8. HP: 60/75 MP: 11/11
  2214 | D:4      | Reached skill level 7 in Unarmed Combat
  2327 | D:5      | Found a staircase to the Ecumenical Temple.
  2329 | D:5      | Noticed Blork the orc
  2342 | D:5      | Killed Blork the orc
  2360 | Temple   | Entered the Ecumenical Temple
  2382 | Temple   | Became a worshipper of Vehumet
  3225 | D:1      | Reached * piety under Vehumet
  3225 | D:1      | Offered knowledge of Sting by Vehumet.
  3407 | D:2      | Found a sparkling altar of Nemelex Xobeh.
  3521 | D:2      | Found a white marble altar of Elyvilon.
  3951 | D:4      | Reached skill level 8 in Unarmed Combat
  4401 | D:5      | Noticed Sigmund
  4409 | D:5      | Killed Sigmund
  4409 | D:5      | Reached XP level 9. HP: 72/84 MP: 13/13
  4471 | D:5      | Reached skill level 5 in Fighting
  4514 | D:5      | Gained mutation: You are frail. (-10% HP) [potion of mutation]
  4514 | D:5      | Gained mutation: You occasionally shout uncontrollably at your foes. [potion of mutation]
  4514 | D:5      | Gained mutation: You have a pair of small horns on your head. [potion of mutation]
  4514 | D:5      | Gained mutation: You are partially covered in slimy green scales. (AC +2) [potion of mutation]
  4636 | D:5      | Reached skill level 9 in Unarmed Combat
  4732 | D:6      | Reached skill level 1 in Conjurations
  4803 | D:6      | Reached ** piety under Vehumet
  4821 | D:6      | Offered knowledge of Freeze by Vehumet.
  4985 | D:6      | Found a stormy altar of Qazlal.
  4989 | D:6      | Found a sacrificial altar of Ru.
  5353 | D:8      | Found Kiaroas's Armour Shoppe.
  5377 | D:8      | Bought the +1 robe of Responsibility {Int+4 Dex+3} for 274 gold pieces
  5413 | D:8      | Noticed VDreamerV's ghost (novice OpTm)
  5587 | D:8      | Killed VDreamerV's ghost
  5666 | D:8      | Noticed Maurice
  5813 | D:8      | Reached XP level 10. HP: 77/83 MP: 15/15
  5815 | D:8      | Offered knowledge of Stone Arrow by Vehumet.
  6021 | D:8      | Paralysed by Maurice for 5 turns
  6032 | D:8      | wtf
  6080 | D:8      | Paralysed by something for 5 turns
  6164 | D:8      | 4thArraOfDagon: tedious shit
  6288 | D:8      | Paralysed by something for 2 turns
  6406 | D:9      | Noticed a two-headed ogre
  6417 | D:9      | Killed a two-headed ogre
  6663 | D:8      | Paralysed by Maurice for 7 turns
  6664 | D:8      | Killed Maurice
  6664 | D:8      | Reached skill level 10 in Unarmed Combat
  6754 | D:9      | Reached *** piety under Vehumet
  6972 | D:9      | Found a shimmering altar of Xom.
  6973 | D:9      | Found a hazy altar of Hepliaklqana.
  7129 | D:10     | Entered Level 10 of the Dungeon
  7184 | D:10     | Offered knowledge of Olgreb's Toxic Radiance by Vehumet.
  7197 | D:10     | Noticed a two-headed ogre
  7206 | D:10     | Killed a two-headed ogre
  7529 | D:10     | Found a staircase to the Lair.
  7759 | D:10     | Found a blossoming altar of Fedhas.
  7762 | D:10     | Noticed an oklob plant
  7762 | D:10     | Noticed an oklob plant
  7818 | D:10     | Killed an oklob plant
  7824 | D:10     | Killed an oklob plant
  7965 | D:10     | Noticed a two-headed ogre
  7968 | D:10     | Reached XP level 11. HP: 72/91 MP: 14/17
  7979 | D:10     | Killed a two-headed ogre
  7979 | D:10     | Reached skill level 5 in Fire Magic
  8012 | D:11     | Noticed a red ugly thing
  8021 | D:11     | Killed a red ugly thing
  8043 | D:11     | Reached **** piety under Vehumet
  8201 | D:11     | Noticed a two-headed ogre
  8212 | D:11     | Killed a two-headed ogre
  8212 | D:11     | Offered knowledge of Lightning Bolt by Vehumet.
  8212 | D:11     | Reached skill level 11 in Unarmed Combat
  8212 | D:11     | Reached skill level 5 in Conjurations
  8638 | D:11     | Found a staircase to the Orcish Mines.
  8767 | D:12     | Noticed a four-headed hydra
  8771 | D:12     | Killed a six-headed hydra
  8771 | D:12     | Reached skill level 5 in Spellcasting
  8928 | D:12     | Noticed a two-headed ogre
  8948 | D:12     | Killed a two-headed ogre
  9003 | D:12     | Found a blossoming altar of Fedhas.
  9097 | D:12     | Noticed a centaur warrior
  9102 | D:12     | Killed a centaur warrior
  9453 | D:13     | Reached XP level 12. HP: 85/100 MP: 15/18
 10159 | D:14     | Noticed a great orb of eyes
 10159 | D:14     | a faun changed into a great orb of eyes
 10160 | D:14     | Noticed a satyr
 10160 | D:14     | a great orb of eyes changed into a satyr
 10162 | D:14     | Killed a satyr
 10170 | D:14     | Found a gate to the Vaults.
 10189 | D:14     | Found a bloodstained altar of Trog.
 10215 | D:14     | Reached ***** piety under Vehumet
 10220 | D:14     | Offered knowledge of Irradiate by Vehumet.
 10220 | D:14     | Reached skill level 12 in Unarmed Combat
 10278 | D:14     | Found a flagged portal.
 10283 | Bailey   | Entered a bailey
 10290 | Bailey   | Learned a level 5 spell: Fireball
 10763 | Bailey   | Got an ancient bardiche
 10766 | Bailey   | Found a roughly hewn altar of Beogh.
 10829 | Bailey   | Identified the +1 bardiche of Sosm {freeze, Dex+4} (You found it in a bailey)
 10979 | D:14     | Identified a scroll of acquirement
 11374 | D:14     | Got a brightly glowing ivory ring
 11385 | D:14     | Identified the cursed ring of Vastoaz {rPois Str-3} (You found it on level 14 of the Dungeon)
 11405 | D:14     | Lost mutation: You occasionally shout uncontrollably at your foes. [potion of mutation]
 11405 | D:14     | Lost mutation: You have a pair of small horns on your head. [potion of mutation]
 11405 | D:14     | Gained mutation: You are clumsy. (Dex -2) [potion of mutation]
 11405 | D:14     | Gained mutation: You tend to lose your temper in combat. [potion of mutation]
 11405 | D:14     | Gained mutation: You have large cloven feet. [potion of mutation]
 11405 | D:14     | Gained mutation: Your spells are a little harder to cast, but a little more powerful. [potion of mutation]
 11447 | D:14     | Lost mutation: You are clumsy. (Dex -2) [potion of mutation]
 11447 | D:14     | Lost mutation: You are frail. (-10% HP) [potion of mutation]
 11447 | D:14     | Lost mutation: You are partially covered in slimy green scales. (AC +2) [potion of mutation]
 11447 | D:14     | Gained mutation: Your mind is acute. (Int +2) [potion of mutation]
 11447 | D:14     | Lost mutation: Your mind is acute. (Int +2) [potion of mutation]
 11447 | D:14     | Gained mutation: You are agile. (Dex +2) [potion of mutation]
 11571 | D:15     | Entered Level 15 of the Dungeon
 11717 | D:15     | Noticed a catoblepas
 11747 | D:15     | Killed a catoblepas
 11830 | D:15     | Reached XP level 13. HP: 119/119 MP: 15/20
 12404 | D:15     | Noticed a fire dragon
 12575 | D:15     | Reached skill level 13 in Unarmed Combat
 12747 | Orc:1    | Entered Level 1 of the Orcish Mines
 12747 | Orc:1    | Found Qozxaq's Distillery.
 12747 | Orc:1    | Found Hafesal's Assorted Antiques.
 12758 | Orc:1    | Noticed an orc warlord
 12874 | D:11     | Killed an orc warlord
 13059 | Orc:1    | Found Nyonatux's Antique Weapon Boutique.
 13221 | Orc:1    | Bought a potion of heal wounds for 75 gold pieces
 13221 | Orc:1    | Bought a potion of magic for 120 gold pieces
 13221 | Orc:1    | Bought a potion of heal wounds for 75 gold pieces
 13221 | Orc:1    | Bought a potion of agility for 60 gold pieces
 13233 | Orc:1    | Found Withros's General Store.
 13239 | Orc:1    | Bought a scroll labeled FOTECIF NETIA for 24 gold pieces
 13254 | Orc:1    | Bought a potion of magic for 136 gold pieces
 13254 | Orc:1    | Bought a potion of heal wounds for 85 gold pieces
 13274 | Orc:1    | Found Diludupa's Weapon Shop.
 13320 | Orc:2    | Entered Level 2 of the Orcish Mines
 13320 | Orc:2    | Found a staircase to the Elven Halls.
 13325 | Orc:2    | Found a roughly hewn altar of Beogh.
 13421 | Orc:2    | Offered knowledge of Orb of Destruction by Vehumet.
 13438 | Orc:2    | Learned a level 7 spell: Orb of Destruction
 13465 | Orc:2    | Found Qauciov's Armour Shop.
 13559 | Orc:1    | Noticed an orc warlord
 13603 | Orc:2    | Killed an orc warlord
 14409 | Orc:2    | Found Xepyski's Magic Scroll Emporium.
 14531 | Orc:2    | Offered knowledge of Ozocubu's Refrigeration by Vehumet.
 14535 | Orc:2    | Found Ginn's Distillery.
 14710 | Orc:2    | Reached XP level 14. HP: 114/131 MP: 13/22
 15396 | Orc:2    | Found Hipyjom's Antique Armour Boutique.
 15396 | Orc:2    | Found Ami Vif's Book Shop.
 15396 | Orc:2    | Found a one-way gate leading to the halls of Pandemonium.
 15474 | Orc:2    | Bought a potion of haste for 150 gold pieces
 15474 | Orc:2    | Bought a potion of magic for 120 gold pieces
 15474 | Orc:2    | Bought a potion of haste for 150 gold pieces
 15474 | Orc:2    | Bought a potion of brilliance for 60 gold pieces
 15474 | Orc:2    | Bought a potion of agility for 60 gold pieces
 15474 | Orc:2    | Bought a potion of lignification for 45 gold pieces
 15476 | Orc:2    | Bought a scroll of identify for 32 gold pieces
 15476 | Orc:2    | Bought a scroll of teleportation for 48 gold pieces
 15575 | Lair:1   | Entered Level 1 of the Lair of Beasts
 15902 | Lair:1   | Found a blossoming altar of Fedhas.
 16305 | Lair:2   | Got a bloodstained robe
 16306 | Lair:2   | Identified the cursed +1 robe of Protective Custody {Str+2} (You found it on level 2 of the Lair of Beasts)
 16353 | Lair:2   | Reached ****** piety under Vehumet
 16404 | Lair:2   | Reached skill level 10 in Fire Magic
 16730 | Lair:3   | Found a staircase to the Shoals.
 16880 | Lair:3   | Offered knowledge of Bolt of Fire by Vehumet.
 16893 | Lair:3   | Reached skill level 10 in Conjurations
 16907 | Lair:3   | Learned a level 6 spell: Bolt of Fire
 17181 | Lair:4   | Found a hole to the Spider Nest.
 17831 | Lair:5   | Found a labyrinth entrance.
 17885 | Lab      | Entered a labyrinth
 18075 | Lab      | Got a smoking shortbow
 18080 | Lab      | Identified Yhyin's Volume of the Volcanoes and Talismans
 18080 | Lab      | Identified Inedirhe's Catalogue of Heat
 18081 | Lab      | Got a faintly glowing hand axe
 18086 | Lab      | Learned a level 1 spell: Apportation
 18086 | Lab      | Identified the +1 shortbow "Cuuzano" {speed, SInv} (You took it off a minotaur in a labyrinth)
 18087 | Lab      | Identified the +4 hand axe of Lishrata {chop, MR+ Int-4 Stlth+} (You found it in a labyrinth)
 18221 | Lair:5   | Reached XP level 15. HP: 132/137 MP: 22/24
 18349 | Lair:5   | Found a staircase to the Slime Pits.
 18350 | Lair:5   | Found a viscous altar of Jiyva.
 18477 | Lair:6   | Entered Level 6 of the Lair of Beasts
 18809 | Lair:6   | Offered knowledge of Conjure Ball Lightning by Vehumet.
 19052 | Lair:6   | Noticed Snorg
 19054 | Lair:6   | Killed Snorg
 19471 | Elf:1    | Entered Level 1 of the Elven Halls
 19590 | Elf:1    | Noticed Louise
 19619 | Elf:1    | Killed Louise
 19627 | Elf:1    | Killed the ghostly Louise
 19627 | Elf:1    | Killed from afar by a deep elf death mage

Vault maps used:
D:1:      grunt_arrival_lava_bath, serial_bayou_pond_b
D:2:      elyvilon_altar_4, nicolae_overflow_crystal_walls
D:3:      grunt_temple_overflow_holy_war, lemuel_round_altar, first_ration
D:5:      lightli_temple_of_fire, minmay_temple_entry_glass, uniq_blork_the_orc,
          uniq_sigmund
D:6:      gammafunk_temple_overflow_statue, kennysheep_flooded_box
D:8:      serial_shops, nicolae_shop_waterfront, hangedman_little_slice_of_home,
          uniq_maurice
D:9:      regret_index_temple_of_mockery
D:10:     lair_entry_dummy, hangedman_tree_tricks
D:11:     orc_0_dummy
D:12:     fedhas_altar_1
D:13:     hangedman_decor_opposing
D:14:     david_vaults_2, solitary_fountain, enter_bailey_3, basic_altar
D:15:     grunt_enter_depths_hoard, lemuel_coloured_pillars_altar
Temple:   minmay_temple_bridge_abc
Lair:1:   lemuel_oklob_altar, serial_bayou_shore_b, grunt_megastairs_2
Lair:3:   shoals_dummy_entry
Lair:4:   spider_nest_entry_webs, infiniplex_staircase_pool
Lair:5:   minmay_lair_venomous_thicket, slime_altar_1, lab_entry_generic,
          hibernation_bobbens, serial_bayou_shore_b
Lair:6:   grunt_lair_end_beastmaster, uniq_snorg
Orc:1:    serial_shops, nicolae_shop_stone, nicolae_shop_stone,
          nicolae_shop_temple_entry_statues_fountains, shop, shop
Orc:2:    pf_orc_diabolical, serial_shops, nicolae_shop_waterfront, basic_altar,
          nicolae_orc_tapped_out
Elf:1:    portal_ice_cave_entry_pillars_2, minmay_elf_sorcery,
          minmay_fountain_box, uniq_louise
Lab:      labyrinth_spiral, nicolae_lab_lava, nicolae_lab_hexagon
Bailey:   bailey_polearm_2, bailey

Skill      XL: |  1  2  3  4  5  6  7  8  9 10 11 12 13 14 15 |
---------------+----------------------------------------------+-----
Unarmed Combat | 1 2 4 5 6 8 9 10 11 12 13 | 13.3
Fighting       | 1 2 3 4 5 6 |  6.4
Spellcasting   | 2 3 4 5 6 7 |  7.7
Conjurations   | 2 4 5 7 8 10 11 | 11.1
Fire Magic     | 3 4 6 7 9 10 11 | 11.3
Dodging        | 2 4 |  4.0
Stealth        | |  1.0

Action                   |  1- 3 |  4- 6 |  7- 9 | 10-12 | 13-15 || total
-------------------------+-------+-------+-------+-------+-------++-------
Melee: Unarmed           |    57 |    99 |   394 |   533 |   804 ||  1887
       Punch             |       |       |     7 |    25 |    46 ||    78
       Headbutt          |       |       |    16 |    85 |       ||   101
       Kick              |       |       |       |    21 |   235 ||   256
       Staff             |       |       |       |     9 |    15 ||    24
Throw: Throwing net      |       |       |     1 |     1 |       ||     2
       Large rock        |       |       |       |     6 |     8 ||    14
 Cast: Flame Tongue      |     2 |     1 |     2 |    27 |       ||    32
       Conjure Flame     |       |       |     1 |    27 |    37 ||    65
       Sticky Flame      |       |       |       |    38 |   144 ||   182
       Fireball          |       |       |       |     1 |    17 ||    18
       Bolt of Fire      |       |       |       |       |    45 ||    45
Evoke: Wand              |       |       |       |    23 |    11 ||    34
       Staff of energy   |       |       |       |       |    32 ||    32
  Use: Scroll            |       |    11 |     6 |    10 |    23 ||    50
       Potion            |       |       |     1 |     4 |     5 ||    10
 Stab: Sleeping          |     1 |     1 |     1 |     4 |       ||     7
       Distracted        |       |       |     1 |       |       ||     1
       Paralysed         |       |       |       |    12 |       ||    12
       Held in net/web   |       |       |       |     3 |       ||     3
  Eat: Chunk             |     9 |     9 |    36 |    65 |   115 ||   234
       Ration            |       |       |       |     1 |       ||     1
Armor: Robe              |    16 |    30 |    96 |   143 |   238 ||   523
       Skin              |       |       |       |     3 |     2 ||     5
Dodge: Dodged            |    21 |    41 |   158 |   249 |   508 ||   977

Table legend:
 A = Spawn XP
 B = Non-spawn XP
 C = Spawn XP percentage of total XP
 D = Spawn monster count
 E = Non-spawn monster count
 F = Spawn count percentage of total count
 G = Total turns spent on level
                    A         B        C        D         E        F      G
               +---------+---------+-------+---------+---------+-------+---------
         Total |       0 |  130055 |   0.0 |       0 |     699 |   0.0 | 19627
               +---------+---------+-------+---------+---------+-------+---------
           D:1 |       0 |      45 |   0.0 |       0 |      26 |   0.0 |   667
           D:2 |       0 |     107 |   0.0 |       0 |      19 |   0.0 |   590
           D:3 |       0 |     214 |   0.0 |       0 |      18 |   0.0 |   882
           D:4 |       0 |     669 |   0.0 |       0 |      22 |   0.0 |   787
           D:5 |       0 |    1801 |   0.0 |       0 |      23 |   0.0 |   896
           D:6 |       0 |    1094 |   0.0 |       0 |      17 |   0.0 |   657
           D:7 |       0 |     559 |   0.0 |       0 |       7 |   0.0 |   731
           D:8 |       0 |    1640 |   0.0 |       0 |      22 |   0.0 |  1214
           D:9 |       0 |    1746 |   0.0 |       0 |      26 |   0.0 |   662
          D:10 |       0 |    4194 |   0.0 |       0 |      25 |   0.0 |   945
          D:11 |       0 |    8103 |   0.0 |       0 |      48 |   0.0 |  1082
          D:12 |       0 |    5579 |   0.0 |       0 |      29 |   0.0 |   714
          D:13 |       0 |    3462 |   0.0 |       0 |      15 |   0.0 |   728
          D:14 |       0 |    4515 |   0.0 |       0 |      21 |   0.0 |   903
          D:15 |       0 |   14887 |   0.0 |       0 |      41 |   0.0 |  1083
        Lair:1 |       0 |    5938 |   0.0 |       0 |      29 |   0.0 |   651
        Lair:2 |       0 |    1748 |   0.0 |       0 |       8 |   0.0 |   364
        Lair:3 |       0 |    5375 |   0.0 |       0 |      21 |   0.0 |   633
        Lair:4 |       0 |    7716 |   0.0 |       0 |      33 |   0.0 |   662
        Lair:5 |       0 |    5985 |   0.0 |       0 |      27 |   0.0 |   661
        Lair:6 |       0 |   17741 |   0.0 |       0 |      44 |   0.0 |   644
         Orc:1 |       0 |    1203 |   0.0 |       0 |      18 |   0.0 |   415
         Orc:2 |       0 |   26178 |   0.0 |       0 |     124 |   0.0 |  2097
         Elf:1 |       0 |    6079 |   0.0 |       0 |       9 |   0.0 |   156
           Lab |       0 |    1208 |   0.0 |       0 |       1 |   0.0 |   210
        Bailey |       0 |    2269 |   0.0 |       0 |      26 |   0.0 |   550
               +---------+---------+-------+---------+---------+-------+---------
